 Dungeon Crawl Stone Soup version 0.31-a0-1603-gbec6b6ccbf (webtiles) character file.

Game seed: 4802812790655786420

74 timneilson the Ruffian (level 4, 0/29 HPs)
             Began as an Octopode Shapeshifter on Jan 8, 2024.
             Slain by a gnoll
             ... wielding a +0 whip
              (8 damage)
             ... on level 1 of the Dungeon.
             The game lasted 00:03:40 (1173 turns).

timneilson the Ruffian (Octopode Shapeshifter)      Turns: 1173, Time: 00:03:40

Health: 0/29       AC:  1    Str: 15    XL:     4   Next: 30%
Magic:  4/4        EV: 13    Int: 12    God:
Gold:   73         SH:  0    Dex: 11    Spells: 3/3 levels left

rFire   . .          .
                       - Unarmed
rCold   . . .        (no shield)
rNeg    . . .        (helmet currently unavailable)
rPois   .            (no amulet)
rElec   .            (no ring)
rCorr   .            (no ring)
SInv    .            (no ring)
Will    .....        (no ring)
Stlth   +++          (no ring)
HPRegen 0.24/turn    (no ring)
MPRegen 0.09/turn    (no ring)
                     (no ring)

%: no passive effects
@: beast-form
A: beast (slay +1), almost no armour, amphibious, 8 rings, camouflage 1,
gelatinous body 1, (nimble swimmer 1), tentacles
a: Begin Untransformation


You were on level 1 of the Dungeon.
You were a hulking beast.
You visited 1 branch of the dungeon, and saw 2 of its levels.

You collected 73 gold pieces.

Inventory:

Talismans
 b - a beast talisman
 c - a flux talisman
Scrolls
 g - a scroll of revelation {unknown}
 h - a scroll of identify
Potions
 a - a potion of lignification
 d - a potion of curing {unknown}
 e - a potion of cancellation {unknown}
 f - a potion of enlightenment


   Skills:
 * Level 1.8 Fighting
 * Level 2.7 Dodging
 + Level 1.6 Stealth
 * Level 3.5 Unarmed Combat
 * Level 3.4 Shapeshifting


You had 3 spell levels left.
You didn't know any spells.
Your spell library was empty.

Dungeon Overview and Level Annotations

Branches:
Dungeon (2/15)

Altars:


Innate Abilities, Weirdness & Mutations

You are a hulking beast.
Your limbs bulge with bestial killing power. (Slay +1)
You cannot wear most types of armour.
You are amphibious.
You can wear up to eight rings at the same time.
Your skin changes colour to match your surroundings (Stealth+).
Your rubbery body absorbs attacks. (AC +1, EV +1)
((You are camouflaged when in or above water. (Stealth+)))
You have tentacles for arms and can constrict up to eight enemies at once.


Message History

h - a scroll of identify
Found 4 stones.
You see here 4 stones.
You now have 73 gold pieces (gained 9).
Found a stone staircase leading down.
A goblin comes into view. It is wielding a +0 club.
The helpless goblin fails to defend itself.
You tentacle-slap the goblin.
You kill the goblin!
You see here a +0 club.
A gnoll comes into view. It is wielding a +0 whip.
Found 14 gold pieces. 2 gnolls come into view.
The helpless gnoll fails to defend itself.
You tentacle-slap the gnoll but do no damage.
You grab the gnoll. You constrict the gnoll. The gnoll hits you with a +0 whip.
You tentacle-slap the gnoll.
The gnoll is moderately wounded.
You constrict the gnoll. The gnoll barely misses you.
You tentacle-slap the gnoll. You squeeze the gnoll.
You kill the gnoll!
The gnoll shouts!
A gnoll comes into view. It is wielding a +0 flail.
Things that are here:
a +0 whip; a gnoll corpse The gnoll attacks as it pursues you!
The gnoll hits you with a +0 whip. The gnoll attacks as it pursues you!
The gnoll hits you with a +0 whip. The gnoll attacks as it pursues you!
The gnoll barely misses you. The gnoll attacks as it pursues you!
The gnoll closely misses you. The gnoll attacks as it pursues you!
The gnoll barely misses you. The gnoll attacks as it pursues you!
The gnoll hits you with a +0 whip.
There is a stone staircase leading up here.
The gnoll hits you with a +0 whip!
* * * LOW HITPOINT WARNING * * *
You climb upwards.
There is a stone staircase leading down here.
You closely miss the gnoll. Your grab misses the gnoll.
You tentacle-slap the gnoll, but do no damage.
The gnoll hits you with a +0 whip!
You die...

#..........#
##÷......
#.....^....#
########
##........##
##......## #####.##
###### #.##
########.....
#..#####........####
##g##....########
#.h..#########
##..###.>....# #.##
#......###### ###
#............
#......######
#......######
#.....†).....
############. ##


You could see a gnoll.

Vanquished Creatures
  A gnoll (D:2)
  3 adders (D:2)
  A ribbon worm (D:1)
  2 endoplasms (D:1)
  3 giant cockroaches
  5 goblins
  2 hobgoblins (D:1)
  4 jackals (D:1)
  3 ball pythons
  4 bats
  4 kobolds (D:1)
  3 rats
35 creatures vanquished.

Notes
Turn   | Place    | Note
-------+----------+-------------------------------------------
     0 | D:1      | timneilson the Octopode Shapeshifter began the quest for
                  | the Orb.
     0 | D:1      | Reached XP level 1. HP: 13/13 MP: 1/1
    71 | D:1      | Reached XP level 2. HP: 18/18 MP: 2/2
   275 | D:1      | Reached skill level 1 in Stealth
   385 | D:1      | Reached XP level 3. HP: 21/23 MP: 3/3
   740 | D:2      | Reached XP level 4. HP: 21/29 MP: 4/4
  1173 | D:1      | Slain by a gnoll

Illustrated notes

Levels and vault maps discovered:
D:1:      saegor_arrival_miasma, layout_rooms
D:2:      layout_loops_ring, kennysheep_nondescript

Skill      XL: |  1  2 |
---------------+-------+-----
Stealth        | 1 |  1.6
Fighting       | |  1.8
Dodging        | |  2.7
Unarmed Combat | |  3.5
Shapeshifting  | |  3.4

Action                     |  1- 3 |  4- 6 || total
---------------------------+-------+-------++-------
  Melee: Unarmed           |    57 |     7 ||    64
         Constrict         |    20 |     1 ||    21
         Tentacles         |    12 |     1 ||    13
         Punch             |     1 |     1 ||     2
    Use: Scroll            |     2 |       ||     2
   Stab: Sleeping          |     2 |     2 ||     4
 Armour: Skin              |    26 |     8 ||    34
  Dodge: Dodged            |    36 |     5 ||    41

Table legend: (Time is in decaauts)
 A = Elapsed time spent in this place.
 B = Non-inter-level travel time spent in this place.
 C = Inter-level travel time spent in this place.
 D = Time resting spent in this place.
 E = Time spent auto-exploring this place.
 F = Levels seen in this place.
 G = Mean time per level.
                   A        B        C        D        E       F      G
               +--------+--------+--------+--------+--------+-----+--------+
         Total |   1170 |   1132 |     38 |    142 |    741 |   2 |  585.0 |
       Dungeon |   1170 |   1132 |     38 |    142 |    741 |   2 |  585.0 |
               +--------+--------+--------+--------+--------+-----+--------+

Top non-repeatable levels by time:
     D:1: 668 daAuts
     D:2: 502 daAuts
